 Dungeon Sprint DCSS version 0.29-a0-416-g83a48905f1 (webtiles) character file.

Game seed: 4894311251786181576

3598 mhtbhm the Severer (level 9, -1/97 HPs)
             Began as a Minotaur Berserker on May 16, 2022.
             Was a High Priest of Trog.
             Slain by an alligator snapping turtle (38 damage)
             ... in the Dungeon (Sprint VII: "The Pits").
             The game lasted 00:02:45 (849 turns).

mhtbhm the Severer (Minotaur Berserker)              Turns: 849, Time: 00:02:46

Health: -1/97      AC: 19    Str: 26    XL:     9   Next: 85%
Magic:  8/8        EV: 11    Int:  7    God:    Trog [*****.]
Gold:   0          SH:  0    Dex: 10    Spells: 8/8 levels left

rFire   . . .      SeeInvis .   a - +4 battleaxe
rCold   . . .      Faith    .   (shield currently unavailable)
rNeg    . . .      Spirit   .   b - +4 chain mail
rPois   .          Reflect  .   (helmet restricted)
rElec   .          Harm     .   (no cloak)
rCorr   .          Rampage  .   n - +0 pair of gloves
Will    .....      NoTele   +   (no boots)
Stlth   ..........              (no amulet)
HPRegen 0.26/turn               l - +3 ring of intelligence
MPRegen 0.11/turn               m - +3 ring of protection

@: no status effects
A: horns 2, retaliatory headbutt
a: Renounce Religion, Berserk, Trog's Hand, Brothers in Arms


You were in the Dungeon.
You worshipped Trog.
Trog was extremely pleased with you.
You visited 1 branch

Inventory:

Hand Weapons
 a - a +4 battleaxe (weapon)
Armour
 b - a +4 chain mail (worn)
 n - a +0 pair of gloves (worn)
Jewellery
 l - a +3 ring of intelligence (left hand)
 m - a +3 ring of protection (right hand)
Wands
 k - a wand of flame (30)
Scrolls
 h - a scroll of blinking
 j - a scroll of summoning
Potions
 c - 8 potions of curing
 d - 18 potions of heal wounds
 e - a potion of haste
 f - 4 potions of magic
 g - 3 potions of berserk rage
 i - 2 potions of invisibility


   Skills:
 + Level 15.2 Fighting
 + Level 18.9 Axes
 + Level 8.6 Armour
 + Level 9.1 Dodging
 + Level 2.1 Stealth


You had 8 spell levels left.
You didn't know any spells.
Your spell library was empty.

Dungeon Overview and Level Annotations

Branches:
Dungeon (1/1)

Altars:
Cheibriados
Dithmenos
Elyvilon
Fedhas
Gozag
Hepliaklqana
Makhleb
Nemelex Xobeh
Okawaru
Qazlal
Ru
Sif Muna
Trog
Wu Jian
Xom
Yredelemnul
Zin
The Shining One
Jiyva


Innate Abilities, Weirdness & Mutations

You have a pair of horns on your head.
You reflexively headbutt those who attack you in melee.


Message History

You hit the alligator snapping turtle but do no damage.
You headbutt the alligator snapping turtle, but do no damage.
The alligator snapping turtle is moderately wounded.
The alligator snapping turtle bites you but does no damage.
You hit the alligator snapping turtle.
The alligator snapping turtle is moderately wounded.
You slice the alligator snapping turtle!!
You headbutt the alligator snapping turtle!
The alligator snapping turtle is severely wounded.
The alligator snapping turtle bites you!
You hit the alligator snapping turtle.
You headbutt the alligator snapping turtle.
The alligator snapping turtle is severely wounded.
You hit the alligator snapping turtle but do no damage.
Your headbutt misses the alligator snapping turtle.
The alligator snapping turtle is severely wounded.
The alligator snapping turtle bites you!!
You hit the alligator snapping turtle but do no damage.
You headbutt the alligator snapping turtle, but do no damage.
The alligator snapping turtle is severely wounded.
The alligator snapping turtle barely misses you.
You hit the alligator snapping turtle but do no damage.
You headbutt the alligator snapping turtle.
The alligator snapping turtle is severely wounded.
You slash the alligator snapping turtle!
The alligator snapping turtle is severely wounded.
The alligator snapping turtle bites you but does no damage.
You hit the alligator snapping turtle but do no damage.
You headbutt the alligator snapping turtle!
The alligator snapping turtle is severely wounded.
You slash the alligator snapping turtle!
The alligator snapping turtle is almost dead.
The alligator snapping turtle closely misses you.
You furiously retaliate!
You headbutt the alligator snapping turtle.
You slash the alligator snapping turtle!
You headbutt the alligator snapping turtle.
The alligator snapping turtle is almost dead.
The alligator snapping turtle bites you!!!
You die...

#++##########
#............
#....@t......
#..##########
#..# #..# ###
#..# ..# #..#
..# #..# ..#
#).#
..##########..#


You could see an alligator snapping turtle.

Vanquished Creatures
  A shadow wraith (D)
  A deep troll (D)
  A swamp dragon (D)
  A cyclops (D)
  A manticore (D)
  A wraith (D)
  2 steam dragons (D)
  A warg (D)
  A floating eye (D)
  An ice beast (D)
  Pargi (D)
  A scorpion (D)
  5 wights (D)
  2 orc priests (D)
  A quasit (D)
  A gnoll shaman (D)
  An iron imp (D)
  Terence (D)
  An adder (D)
  A gnoll (D)
  An ufetubus (D)
  3 orcs (D)
  A bat skeleton (D)
  A giant cockroach (D)
  A goblin (D)
  A ball python skeleton (D)
  A frilled lizard (D)
  2 kobolds (D)
  A rat (D)
38 creatures vanquished.

Notes
Turn   | Place    | Note
-------+----------+-------------------------------------------
     0 | D        | mhtbhm the Minotaur Berserker began the quest for the Orb.
     0 | D        | Reached XP level 1. HP: 19/19 MP: 0/0
    20 | D        | Found a bloodstained altar of Trog.
    20 | D        | Found a shimmering blue altar of Sif Muna.
    20 | D        | Found a viscous altar of Jiyva.
    20 | D        | Found a hazy altar of Hepliaklqana.
    20 | D        | Found an opulent altar of Gozag.
    21 | D        | Found a glowing golden altar of the Shining One.
    21 | D        | Found a glowing silver altar of Zin.
    21 | D        | Found a basalt altar of Yredelemnul.
    21 | D        | Found a shimmering altar of Xom.
    21 | D        | Found an ornate altar of the Wu Jian Council.
    21 | D        | Found a sacrificial altar of Ru.
    21 | D        | Found a stormy altar of Qazlal.
    21 | D        | Found an iron altar of Okawaru.
    21 | D        | Found a sparkling altar of Nemelex Xobeh.
    21 | D        | Found a burning altar of Makhleb.
    21 | D        | Found a blossoming altar of Fedhas.
    21 | D        | Found a white marble altar of Elyvilon.
    21 | D        | Found a shadowy altar of Dithmenos.
    21 | D        | Found a snail-covered altar of Cheibriados.
    55 | D        | Reached skill level 4 in Axes
    57 | D        | Reached ** piety under Trog
    71 | D        | Noticed a floating eye
    74 | D        | Killed a floating eye
    75 | D        | Reached skill level 7 in Axes
    75 | D        | Reached XP level 2. HP: 33/34 MP: 1/1
    75 | D        | Reached XP level 3. HP: 38/39 MP: 2/2
    75 | D        | Reached XP level 4. HP: 45/47 MP: 3/3
    86 | D        | Noticed a scorpion
    93 | D        | Killed a scorpion
    94 | D        | Reached skill level 8 in Axes
    94 | D        | Reached XP level 5. HP: 48/56 MP: 4/4
    95 | D        | Reached *** piety under Trog
    96 | D        | Reached skill level 9 in Axes
   253 | D        | Noticed an ice beast
   257 | D        | Reached **** piety under Trog
   258 | D        | Reached skill level 10 in Axes
   258 | D        | Reached skill level 5 in Armour
   258 | D        | Reached skill level 5 in Dodging
   258 | D        | Reached XP level 6. HP: 66/66 MP: 5/5
   258 | D        | Noticed Terence
   259 | D        | Reached skill level 10 in Fighting
   266 | D        | Killed an ice beast
   267 | D        | Reached skill level 11 in Axes
   267 | D        | Killed Terence
   267 | D        | Reached ***** piety under Trog
   274 | D        | Received a gift from Trog
   275 | D        | Reached skill level 12 in Axes
   275 | D        | Reached XP level 7. HP: 75/75 MP: 6/6
   389 | D        | Noticed a cyclops
   394 | D        | Killed a cyclops
   395 | D        | Reached skill level 14 in Axes
   395 | D        | Reached skill level 1 in Stealth
   395 | D        | Reached XP level 8. HP: 85/85 MP: 7/7
   501 | D        | Noticed Pargi
   513 | D        | Killed Pargi
   513 | D        | Received a gift from Trog
   569 | D        | Noticed a swamp dragon
   580 | D        | Killed a swamp dragon
   581 | D        | Reached skill level 15 in Axes
   586 | D        | Reached skill level 16 in Axes
   728 | D        | Noticed a manticore
   735 | D        | Killed a manticore
   736 | D        | Reached XP level 9. HP: 96/96 MP: 8/8
   738 | D        | Reached skill level 17 in Axes
   754 | D        | Killed a shadow wraith
   754 | D        | Received a gift from Trog
   755 | D        | Reached skill level 15 in Fighting
   755 | D        | Reached skill level 18 in Axes
   826 | D        | Noticed a deep troll
   828 | D        | Noticed an alligator snapping turtle
   833 | D        | Killed a deep troll
   849 | D        | Slain by an alligator snapping turtle

Illustrated notes

Levels and vault maps discovered:
D:        pitsprint [storerooms_1, entrance_room_1, metal_vault_5, armoury_3,
          mini_pit_1, grid_room_1, main_hall_1, silver_pit, the_coven_1,
          the_vestibule_1, steel_vault_2, golden_pit, hallway_of_sentries,
          crystal_vault_5, iron_vault_4, final_vault]

Skill      XL: |  1  2  3  4  5  6  7  8  9 |
---------------+----------------------------+-----
Fighting       | 7 8 9 11 12 14 15 | 15.2
Axes           | 7 8 10 12 14 16 18 | 18.9
Armour         | 4 5 6 7 8 |  8.6
Dodging        | 3 4 5 6 7 8 9 |  9.1
Stealth        | 1 2 |  2.1

Action                   |  1- 3 |  4- 6 |  7- 9 || total
-------------------------+-------+-------+-------++-------
Melee: Hand axe          |     6 |    28 |     7 ||    41
       Headbutt          |     2 |     5 |    17 ||    24
       Punch             |       |     2 |       ||     2
       Battleaxe         |       |       |    56 ||    56
Invok: Berserk           |       |     1 |     1 ||     2
Armor: Animal skin       |     1 |     3 |       ||     4
       Chain mail        |       |     5 |    43 ||    48
Dodge: Dodged            |     3 |    16 |    37 ||    56

Table legend: (Time is in decaauts)
 A = Elapsed time spent in this place.
 B = Non-inter-level travel time spent in this place.
 C = Inter-level travel time spent in this place.
 D = Time resting spent in this place.
 E = Time spent auto-exploring this place.
 F = Levels seen in this place.
 G = Mean time per level.
                   A        B        C        D        E       F      G
               +--------+--------+--------+--------+--------+-----+--------+
         Total |    851 |    851 |      0 |    416 |     30 |   1 |  851.0 |
       Dungeon |    851 |    851 |      0 |    416 |     30 |   1 |  851.0 |
               +--------+--------+--------+--------+--------+-----+--------+

Top non-repeatable levels by time:
       D: 851 daAuts
